 Dungeon Crawl Stone Soup version 0.18.1-1-g2f07953 (webtiles) character file.

73453 Gingerlord the Severer (level 15, 0/137 HPs)
             Began as a Minotaur Fighter on May 6, 2016.
             Was the Champion of Makhleb.
             Slain by an orc knight
             ... wielding a +0 great sword
              (6 damage)
             ... while paralysed by an orc sorcerer
             ... on level 2 of the Orcish Mines.
             The game lasted 00:55:09 (23338 turns).

Gingerlord the Severer (Minotaur Fighter)          Turns: 23338, Time: 00:55:09

Health: 0/137      AC: 23    Str: 22    XL:     15   Next: 4%
Magic:  22/22      EV:  2    Int:  3    God:    Makhleb [******]
Gold:   1607       SH:  0    Dex: 15    Spells: 0 memorised, 14 levels left

rFire  . . .     SeeInvis +     J - +0 battleaxe of Amorality {freeze, rElec rPois rN++ SInv}
rCold  . . .     Gourm    .     a - +1 plate armour {rPois}
rNeg   + + .     Faith    .     (shield currently unavailable)
rPois  +         Spirit   .     (helmet restricted)
rElec  +         Dismiss  .     j - +0 cloak
rCorr  .         Reflect  .     r - +0 pair of gloves
SustAt +         Harm     .     M - +1 pair of boots
MR     +....                    (no amulet)
Stlth  ..........               n - +2 ring of evasion
                                i - ring of sustain attributes

@: paralysed, drained, somewhat resistant to hostile enchantments, extremely
unstealthy
A: retaliatory headbutt, horns 2, dopey 1
a: Minor Destruction, Lesser Servant of Makhleb, Major Destruction, Greater
Servant of Makhleb, Renounce Religion


You were on level 2 of the Orcish Mines.
You worshipped Makhleb.
Makhleb was exalted by your worship.
You were not hungry.

You visited 3 branches of the dungeon, and saw 20 of its levels.
You also visited: Sewer and Ice Cave.

You collected 1917 gold pieces.
You spent 310 gold pieces at shops.

Inventory:

Hand Weapons
 J - the +0 battleaxe of Amorality (weapon) {freeze, rElec rPois rN++ SInv}
   (You bought it in a shop on level 6 of the Dungeon)

   It has been specially enchanted to freeze those struck by it, causing extra
   injury to most foes and up to half again as much damage against particularly
   susceptible opponents.
   It can also slow down cold-blooded creatures.
   It insulates you from electricity.
   It protects you from poison.
   It greatly protects you from negative energy.
   It lets you see invisible.
Armour
 a - a +1 plate armour of poison resistance (worn)
 c - a +0 shield
 j - a +0 cloak (worn)
 r - a +0 pair of gloves (worn)
 M - a +1 pair of boots (worn)
Rods
 d - a +5 rod of inaccuracy (13/13)
   (You found it on level 8 of the Lair of Beasts)
Jewellery
 i - a ring of sustain attributes (left hand)
 l - a cursed -2 ring of dexterity
 n - a +2 ring of evasion (right hand)
 p - an uncursed ring of stealth {unknown}
 x - an uncursed ring of flight
Scrolls
 b - 3 scrolls of recharging
 e - 2 scrolls of fear
 o - 8 scrolls of teleportation
 y - 2 scrolls of enchant weapon
 z - 3 scrolls of immolation
 A - 4 scrolls of amnesia
 C - 3 scrolls of remove curse
 D - 3 scrolls of magic mapping
 E - 2 scrolls of vulnerability {unknown}
 F - 5 scrolls of fog
 I - 4 scrolls of enchant armour {unknown}
Potions
 g - 4 potions of cure mutation
 m - a potion of magic
 s - a potion of cancellation
 t - 4 potions of agility
 u - a potion of brilliance
 v - 4 potions of flight
 w - 9 potions of curing
 B - 3 potions of lignification
 L - 2 potions of ambrosia
Miscellaneous
 G - a fan of gales
Comestibles
 f - 14 bread rations
 h - 7 fruits
 k - 10 meat rations


   Skills:
 + Level 13.8(13.7) Fighting
 + Level 15.0(14.8) Axes
 + Level 13.9(13.7) Armour
 + Level 12.9(12.7) Dodging
 - Level 8.4(8.2) Shields
 + Level 11.0(10.9) Invocations


You had 14 spell levels left.
You didn't know any spells.

Dungeon Overview and Level Annotations

Branches:
Dungeon (10/15)            Temple (0/1) D:7            Lair (8/8) D:10
  Swamp (0/4) Lair:4       Spider (0/4) Lair:4        Slime (0/6) Lair:6
    Orc (2/2) D:10            Elf (0/3) Orc:2

Altars:
Cheibriados
Dithmenos
Nemelex Xobeh
Okawaru
Pakellas
Qazlal
Ru
Trog
Vehumet
Zin
The Shining One
Beogh
Jiyva

Shops:
D:6 (   D:7 [   D:9 =   Orc:1 %   Orc:2 :[(


Innate Abilities, Weirdness & Mutations

You reflexively headbutt those who attack you in melee.
You have a pair of horns on your head.
You are dopey. (Int -2)


Message History

The orc sorcerer is moderately wounded.
The orc sorcerer casts a spell at you.
You suddenly lose the ability to move!
The orc knight hits you with a great sword.
The orc sorcerer becomes larger for a moment.
The orc sorcerer hits you but does no damage.
The orc warrior hits you with a scimitar!
* * * LOW HITPOINT WARNING * * *
The orc sorcerer gestures at you while chanting.
You resist with some effort.
The orc knight hits you but does no damage.
The orc sorcerer hits you but does no damage.
The orc warrior hits you with a scimitar!!
* * * LOW HITPOINT WARNING * * *
The orc knight hits you but does no damage.
The orc sorcerer hits you with a dagger.
* * * LOW HITPOINT WARNING * * *
The orc warrior barely misses you.
The orc knight hits you with a great sword.
You die...

###..........#
###.......#.#
##.#.........
##...........
##.#.##......
#...####.....
##..##.......
##...))......
#....@o.....P
#...oo)......
#.............
#....P.8.∩....
......P........
..............P.
....#....PP..PP.
...........P...


You could see an orc knight, an orc sorcerer and an orc warrior.

Vanquished Creatures
  An orc warlord (Orc:1)
  A fire dragon (Lair:1)
  Harold (Lair:1)
  An ice dragon (Lair:8)
  Erolcha (D:8)
  4 catoblepae
  4 hydras
  11 death yaks
  3 orc high priests
  Sonja (Lair:1)
  A swamp dragon (Lair:4)
  The ghost of adibis the Cleaver, a novice MiBe of Trog (D:7)
  3 hill giants (D:10)
  3 orc knights
  26 elephants
  4 orc sorcerers
  2 griffons
  A cyclops (D:10)
  5 black mambas
  2 ice statues (IceCv)
  22 spiny frogs
  A molten gargoyle (Lair:7)
  A rime drake (Lair:7)
  5 komodo dragons
  3 polar bears
  2 trolls
  A two-headed ogre (D:10)
  Grinder (Sewer)
  11 blink frogs
  4 spriggans
  A tarantella (Lair:4)
  A wyvern (D:9)
  26 yaks
  3 fire bats (Lair:7)
  5 basilisks
  11 hippogriffs
  A steam dragon (Lair:5)
  Menkaure (D:4)
  A warg (Orc:2)
  A soldier ant (D:6)
  24 water moccasins
  7 porcupines
  4 sky beasts
  An eye of draining (D:9)
  23 orc warriors
  8 ice beasts
  3 phantoms
  A necrophage (D:9)
  9 ogres
  18 wolves
  7 centaurs
  22 crocodiles
  3 big kobolds
  15 giant frogs
  A gnoll sergeant (D:10)
  A wyvern skeleton (D:10)
  3 killer bees (D:4)
  3 scorpions
  5 wights
  3 howler monkeys
  3 crimson imps
  A giant frog zombie (D:5)
  7 hounds
  10 orc priests
  A gnoll shaman (D:6)
  12 orc wizards
  Natasha (thrice) (D:4)
  6 iguanas
  6 hell rats (Lair:4)
  5 worker ants
  18 sheep
  A hound zombie (D:7)
  A hound skeleton (D:10)
  14 gnolls
  A howler monkey skeleton (D:5)
  3 adders
  39 river rats
  2 shadow imps (Sewer)
  3 ufetubi (Sewer)
  3 oozes (Sewer)
  An adder skeleton (D:9)
  2 adder zombies
  2 worms
  2 giant geckos
  68 orcs
  4 ball pythons
  19 bats
  A bat zombie (Sewer)
  9 giant cockroaches
  8 goblins
  15 hobgoblins
  10 jackals
  26 kobolds
  6 quokkas
  2 giant cockroach zombies
  3 giant newts
  A kobold zombie (Sewer)
  A quokka skeleton (D:4)
  29 rats
  5 fungi
  6 plants
698 creatures vanquished.

Vanquished Creatures (collateral kills)
  Fannar (Lair:3)
  3 death yaks
  5 elephants (Lair:7)
  A spiny frog (Lair:7)
  An ice statue (IceCv)
  A yak (Lair:8)
  A basilisk (Lair:6)
  2 water moccasins
  A porcupine (Lair:6)
  An orc warrior (Orc:2)
  3 sheep (Lair:6)
20 creatures vanquished.

Vanquished Creatures (others)
  A kobold demonologist (Sewer)
  27 fungi
  24 plants
52 creatures vanquished.

Grand Total: 770 creatures vanquished

Notes
Turn   | Place    | Note
--------------------------------------------------------------
     0 | D:1      | Gingerlord the Minotaur Fighter began the quest for the Orb.
     0 | D:1      | Reached XP level 1. HP: 19/19 MP: 0/0
   168 | D:1      | Reached XP level 2. HP: 27/27 MP: 1/1
   464 | D:1      | Reached XP level 3. HP: 31/33 MP: 2/2
   795 | D:2      | Found a snail-covered altar of Cheibriados.
   796 | D:2      | Found a glowing silver altar of Zin.
   796 | D:2      | Found a stormy altar of Qazlal.
  1206 | D:3      | Reached skill level 1 in Dodging
  1308 | D:3      | Reached XP level 4. HP: 23/41 MP: 3/3
  1453 | D:3      | Found a glowing drain.
  1477 | Sewer    | Entered a sewer
  1481 | Sewer    | Reached skill level 3 in Axes
  1784 | Sewer    | Found a burning altar of Makhleb.
  1784 | Sewer    | Noticed a big kobold
  1794 | Sewer    | Killed a big kobold
  1794 | Sewer    | Reached XP level 5. HP: 39/47 MP: 4/4
  1798 | Sewer    | Became a worshipper of Makhleb the Destroyer
  1802 | Sewer    | Noticed an apprentice kobold demonologist
  1815 | Sewer    | Killed an apprentice kobold demonologist
  1815 | Sewer    | Reached skill level 5 in Fighting
  1815 | Sewer    | Reached skill level 4 in Axes
  1815 | Sewer    | Reached skill level 5 in Armour
  1815 | Sewer    | Reached skill level 5 in Shields
  1815 | Sewer    | Reached XP level 6. HP: 41/56 MP: 5/5
  1968 | Sewer    | Reached XP level 7. HP: 57/61 MP: 6/6
  1994 | Sewer    | Noticed Grinder
  2004 | Sewer    | Killed Grinder
  2297 | D:3      | Reached skill level 5 in Axes
  2322 | D:3      | Found a sparkling altar of Nemelex Xobeh.
  2739 | D:3      | Reached * piety under Makhleb
  3020 | D:4      | Reached skill level 1 in Invocations
  3159 | D:4      | Found a sacrificial altar of Ru.
  3166 | D:4      | Noticed Menkaure
  3176 | D:4      | Killed Menkaure
  3176 | D:4      | Reached XP level 8. HP: 35/70 MP: 6/8
  3304 | D:4      | Noticed Natasha
  3307 | D:4      | Killed Natasha
  3560 | D:4      | Noticed Natasha
  3567 | D:4      | Killed Natasha
  3706 | D:4      | Noticed Natasha
  3718 | D:4      | Killed Natasha
  3942 | D:5      | Entered Level 5 of the Dungeon
  3985 | D:5      | Found a shadowy altar of Dithmenos.
  4110 | D:5      | Found an oddly glowing altar of Pakellas.
  4227 | D:5      | Reached ** piety under Makhleb
  4227 | D:5      | Reached skill level 6 in Axes
  4348 | D:5      | Reached skill level 5 in Dodging
  4619 | D:6      | Reached XP level 9. HP: 79/79 MP: 10/10
  4825 | D:6      | Got an obsidian-encrusted ring mail
  4836 | D:6      | Identified the +3 ring mail "Neleumpo" {Regen+ Str-3 Int+9 Dex-3} (You found it on level 6 of the Dungeon)
  4910 | D:6      | Found Ijigup's Antique Weapon Shoppe.
  5007 | D:6      | Found a radiant altar of Vehumet.
  5130 | D:6      | Found a glowing golden altar of the Shining One.
  5617 | D:7      | Noticed adibis's ghost (novice MiBe)
  5672 | D:7      | Killed adibis's ghost
  5672 | D:7      | Reached skill level 7 in Axes
  5931 | D:7      | Reached *** piety under Makhleb
  6025 | D:7      | Found a staircase to the Ecumenical Temple.
  6101 | D:7      | Found Ehecw's Armour Emporium.
  6323 | D:7      | Reached XP level 10. HP: 55/88 MP: 12/12
  6835 | D:8      | Noticed Erolcha
  6846 | D:8      | Killed Erolcha
  6846 | D:8      | Reached skill level 8 in Axes
  6846 | D:8      | Reached skill level 5 in Invocations
  6997 | D:6      | Bought a polished battleaxe for 310 gold pieces
  7002 | D:6      | Identified the cursed +0 battleaxe of Amorality {freeze, rElec rPois rN++ SInv} (You bought it in a shop on level 6 of the Dungeon)
  7474 | D:8      | Found a bloodstained altar of Trog.
  7620 | D:9      | Reached **** piety under Makhleb
  7979 | D:9      | Found Haipyapa's Jewellery Shoppe.
  8229 | D:10     | Entered Level 10 of the Dungeon
  8252 | D:10     | Noticed a hill giant
  8262 | D:10     | Killed a hill giant
  8273 | D:10     | Reached skill level 9 in Axes
  8307 | D:10     | Reached ***** piety under Makhleb
  8486 | D:10     | Reached XP level 11. HP: 88/97 MP: 14/14
  8625 | D:10     | Found a staircase to the Lair.
  8673 | D:10     | Found a staircase to the Orcish Mines.
  8824 | D:10     | Found an iron altar of Okawaru.
  8876 | D:10     | Noticed a hill giant
  8884 | D:10     | Killed a hill giant
  8893 | D:10     | Noticed a hill giant
  8899 | D:10     | Killed a hill giant
  9018 | Lair:1   | Entered Level 1 of the Lair of Beasts
  9363 | Lair:1   | Noticed Harold
  9386 | Lair:1   | Reached skill level 10 in Axes
  9402 | Lair:1   | Killed Harold
  9765 | Lair:1   | You fall through a shaft!
  9779 | Lair:2   | Reached skill level 10 in Fighting
 10172 | Lair:2   | Reached ****** piety under Makhleb
 10172 | Lair:2   | Reached skill level 10 in Armour
 10465 | Lair:2   | Noticed a griffon
 10488 | Lair:2   | Killed a griffon
 10500 | Lair:2   | Reached skill level 11 in Axes
 10755 | Lair:2   | Noticed a four-headed hydra
 10777 | Lair:2   | Reached XP level 12. HP: 98/108 MP: 16/16
 10895 | Lair:2   | Killed a nine-headed hydra
 11519 | Lair:2   | You fall through a shaft!
 11607 | Lair:3   | Noticed Fannar
 11630 | Lair:3   | Killed Fannar
 11883 | Lair:3   | Reached skill level 12 in Axes
 12583 | Lair:1   | Reached skill level 10 in Dodging
 12591 | Lair:1   | Noticed a fire dragon
 12607 | Lair:1   | Killed a fire dragon
 13340 | Lair:1   | Noticed Sonja
 13343 | Lair:1   | Killed Sonja
 13695 | Lair:4   | Found a hole to the Spider Nest.
 13804 | Lair:4   | Found a staircase to the Swamp.
 14077 | Lair:4   | Reached XP level 13. HP: 117/117 MP: 18/18
 14928 | Lair:5   | Reached skill level 13 in Axes
 15877 | Lair:6   | Found a staircase to the Slime Pits.
 15877 | Lair:6   | Found a viscous altar of Jiyva.
 17569 | Lair:8   | Entered Level 8 of the Lair of Beasts
 17616 | Lair:8   | Noticed a green death
 18059 | Lair:8   | Found a frozen archway.
 18067 | IceCv    | Entered an ice cave
 19653 | IceCv    | Reached XP level 14. HP: 45/127 MP: 20/20
 20025 | Lair:8   | Reached skill level 14 in Axes
 20212 | Lair:8   | Reached skill level 10 in Invocations
 20497 | Lair:8   | HP: 5/129 [elephant (3)]
 21405 | Orc:1    | Entered Level 1 of the Orcish Mines
 21811 | Orc:1    | Gained mutation: You are dopey. (Int -2) [a neqoxec]
 22015 | Orc:1    | Found Istruhues's Food Shoppe.
 22485 | Orc:2    | Entered Level 2 of the Orcish Mines
 22487 | Orc:2    | Found Caesaud's Antique Armour Emporium.
 22535 | Orc:2    | Found a staircase to the Elven Halls.
 22544 | Orc:2    | Found a roughly hewn altar of Beogh.
 22769 | Orc:2    | Noticed an orc warlord
 22770 | Orc:2    | Found Kusch's Book Boutique.
 22830 | Orc:1    | Paralysed by an orc sorcerer for 3 turns
 22896 | Orc:1    | Killed an orc warlord
 23179 | Orc:2    | Reached XP level 15. HP: 137/137 MP: 22/22
 23319 | Orc:2    | Found Lezyximm's Antique Weapon Shoppe.
 23330 | Orc:2    | Reached skill level 15 in Axes
 23334 | Orc:2    | Paralysed by an orc sorcerer for 4 turns
 23338 | Orc:2    | HP: 6/137 [orc sorcerer/dagger (1)]
 23338 | Orc:2    | Slain by an orc knight

Skill      XL: |  1  2  3  4  5  6  7  8  9 10 11 12 13 14 15 |
---------------+----------------------------------------------+-----
Armour         | 4 5 6 7 8 9 10 11 12 13 | 13.9
Shields        | 4 5 6 8 |  8.4
Fighting       | 4 5 6 7 8 9 10 11 12 13 | 13.8
Dodging        | 1 2 3 4 5 6 8 9 10 11 12 | 12.9
Axes           | 3 4 5 6 7 9 11 12 13 14 15 | 15.0
Invocations    | 1 3 4 5 7 8 9 11 | 11.0

Action                   |  1- 3 |  4- 6 |  7- 9 | 10-12 | 13-15 || total
-------------------------+-------+-------+-------+-------+-------++-------
Melee: War axe           |   118 |    81 |   466 |    52 |       ||   717
       Headbutt          |    19 |    18 |    86 |   174 |   242 ||   539
       Battleaxe         |       |       |       |   735 |   911 ||  1646
Invok: Minor Destruction |       |       |     1 |       |       ||     1
       Lesser Servant of |       |       |       |     4 |    20 ||    24
       Major Destruction |       |       |       |     4 |    14 ||    18
       Greater Servant o |       |       |       |       |     5 ||     5
  Use: Scroll            |     6 |       |     8 |    10 |     6 ||    30
       Potion            |       |       |     2 |     4 |     4 ||    10
 Stab: Distracted        |       |       |       |       |     2 ||     2
  Eat: Chunk             |     1 |     2 |     8 |    22 |    13 ||    46
       Fruit             |       |       |     3 |     3 |    14 ||    20
       Beef jerky        |       |       |     2 |     2 |     2 ||     6
       Pizza             |       |       |     2 |       |     2 ||     4
       Bread ration      |       |       |       |       |     1 ||     1
Armor: Scale mail        |    10 |       |       |       |       ||    10
       Plate armour      |    62 |    74 |   247 |   524 |   548 ||  1455
Dodge: Dodged            |    11 |    21 |   112 |   413 |   684 ||  1241
Block: Shield            |    66 |    52 |   233 |    24 |       ||   375
